Map: Site Delta LE

Players

HUMAN

  • Race: Protoss Protoss
  • League: Silver
  • Spawn Location: 11:00

dnjTmekdandy - Winner!

  • Race: Terran Terran
  • League: Silver
  • Spawn Location: 5:00

VOD

Have the link to the VOD?

Description

Time

  • Played on: April 5, 2024, 8:46 p.m.
  • Length: 13:06
Show
View Real Time Build Order
Export as new Build Order

HUMAN Protoss 

Build Orders: 1 Gate Expand 

Get SALT Encoding   

  12  0:00  Probe  
  13  0:21  Probe  
  14  0:22  Pylon  
  15  0:35  Probe  
  15  0:41  Gateway  
  15  0:48  Probe (Chrono Boost)  
  16  1:00  Probe (Chrono Boost)  
  17  1:07  Probe (Chrono Boost)  
  18  1:16  Nexus  
  18  1:21  Probe  
  19  1:31  Cybernetics Core  
  19  1:33  Probe  
  20  1:40  Assimilator  
  20  1:46  Pylon, Probe  
  21  1:58  Probe  
  22  2:10  Probe  
  23  2:18  Assimilator  
  24  2:24  Probe (Chrono Boost), Stalker  
  24  2:28  Probe (Chrono Boost)  
  28  2:38  Probe (Chrono Boost)  
  28  2:39  Warp Gate (Chrono Boost), Probe (Chrono Boost)  
  28  2:43  Probe (Chrono Boost)  
  29  2:46  Probe  
  31  2:58  Probe x2 (Chrono Boost)  
  32  3:03  Stalker, Forge  
  35  3:09  Probe (Chrono Boost)  
  35  3:11  Probe (Chrono Boost)  
  37  3:14  Probe (Chrono Boost)  
  37  3:19  Probe  
  39  3:22  Robotics Facility  
  39  3:25  Shield Battery, Probe (Chrono Boost)  
  40  3:32  Pylon  
  41  3:35  Probe (Chrono Boost)  
  41  3:37  Probe (Chrono Boost)  
  42  3:44  Twilight Council  
  42  3:45  Probe (Chrono Boost)  
  42  3:46  Probe (Chrono Boost)  
  42  3:47  Pylon  
  44  3:51  Probe  
  44  3:53  Stalker  
  44  3:55  Protoss Ground Weapons Level 1  
  47  3:56  Probe  
  48  4:04  Assimilator  
  48  4:07  Assimilator  
  48  4:08  Probe  
  48  4:09  Probe  
  50  4:19  Gateway x2  
  50  4:20  Probe  
  50  4:21  Probe  
  50  4:22  Blink (Chrono Boost)  
  52  4:29  Gateway  
  52  4:31  Gateway  
  52  4:34  Probe x2  
  52  4:35  Pylon  
  54  4:45  Observer  
  54  4:47  Stalker  
  57  4:55  Gateway  
  57  4:56  Gateway  
  57  4:59  Gateway  
  57  5:00  Gateway  
  57  5:12  Immortal (Chrono Boost)  
  61  5:16  Stalker  
  61  5:17  Stalker x2  
  67  5:27  Pylon  
  67  5:31  Stalker  
  69  5:38  Pylon  
  69  5:48  Immortal (Chrono Boost)  
  73  5:50  Stalker x2  
  73  5:56  Pylon  
  77  5:57  Pylon  
  77  6:07  Robotics Bay  
  76  6:12  Zealot x4  
  76  6:13  Charge (Chrono Boost)  
  84  6:20  Warp Prism  
  84  6:22  Stalker x2  
  80  6:54  Nexus, Zealot x3  
  80  6:55  Protoss Ground Armor Level 1 (Chrono Boost)  
  80  6:56  Photon Cannon  
  80  6:57  Photon Cannon  
  80  6:59  Photon Cannon  
  86  7:07  Stalker x2  
  90  7:25  Pylon  
  90  7:26  Pylon, Stalker x4  
  98  7:42  Probe x2  
  100  7:51  Zealot x2  
  100  7:54  Probe x2  
  106  8:06  Probe x2  
  98  8:18  Colossus (Chrono Boost), Probe x2  
  80  8:26  Stalker x4  
  88  8:30  Zealot, Probe x2  
  88  8:31  Zealot  
  94  8:35  Extended Thermal Lance (Chrono Boost)  
  94  8:42  Assimilator  
  94  8:44  Zealot x2  
  94  8:46  Assimilator  
  98  8:57  Zealot x2  
  98  8:58  Zealot x2, Colossus (Chrono Boost)  
  98  9:01  Pylon  
  98  9:02  Pylon  
  112  9:10  Probe x2  
  112  9:11  Probe  
  115  9:17  Templar Archives  
  115  9:21  Sentry x3  
  115  9:22  Sentry x4, Probe  
  115  9:23  Probe  
  131  9:33  Zealot  
  129  9:43  Zealot  
  80  9:55  Stalker x6  
  84  10:14  Zealot x3  
  84  10:25  Zealot x5  
  80  10:40  Probe x2  
  82  10:43  Stargate  
  82  10:44  Stargate  
  82  10:46  Shield Battery  
  82  10:47  Warp Prism  
  82  10:48  Shield Battery  
  84  10:50  High Templar x3  
  84  10:51  High Templar  
  84  10:56  Nexus  
  92  10:58  Assimilator  
  92  10:59  Psionic Storm  
  92  11:02  Assimilator  
  92  11:07  Archon  
  92  11:08  Archon  
  92  11:10  Gravitic Drive (Chrono Boost)  
  92  11:17  Zealot x3  
  98  11:18  Probe  
  98  11:19  Probe x2  
  101  11:31  Probe  
  102  11:35  Fleet Beacon  
  102  11:41  Stalker x4  
  102  11:42  Zealot  
  124  12:35  High Templar x2  
  124  12:36  Zealot x7  
Show
View Real Time Build Order
Export as new Build Order

dnjTmekdandy Terran - Winner!

Build Orders: Cyclone Opening 

Get SALT Encoding   

  12  0:00  SCV  
  13  0:12  SCV  
  14  0:16  Supply Depot  
  14  0:24  SCV  
  15  0:38  SCV  
  15  0:40  Barracks  
  16  0:44  Refinery  
  16  0:50  SCV  
  17  1:02  SCV  
  18  1:14  SCV  
  19  1:29  Orbital Command  
  19  1:38  Command Center  
  19  1:54  SCV  
  19  1:59  Factory  
  20  2:06  SCV  
  20  2:07  Supply Depot  
  21  2:08  Barracks Reactor  
  21  2:13  Refinery  
  21  2:19  SCV  
  22  2:31  SCV  
  23  2:43  Command Center  
  23  2:47  Marine  
  23  2:48  Marine  
  25  2:55  Cyclone  
  27  3:03  Orbital Command  
  27  3:08  SCV  
  27  3:11  Marine x2  
  30  3:22  SCV  
  31  3:33  Barracks  
  31  3:36  Barracks, SCV x2  
  33  3:41  Marine x2  
  35  3:48  SCV x2  
  35  3:54  Orbital Command  
  37  4:03  Engineering Bay  
  37  4:06  Engineering Bay  
  37  4:07  SCV x2  
  39  4:10  Marine  
  39  4:13  Marine  
  41  4:21  Barracks Tech Lab  
  41  4:22  Barracks Tech Lab  
  41  4:28  Starport  
  41  4:29  Starport  
  41  4:35  Terran Infantry Weapons Level 1, Terran Infantry Armor Level 1  
  41  4:39  SCV  
  41  4:40  SCV x2  
  41  4:43  Stimpack  
  41  4:45  Combat Shield  
  44  4:53  Missile Turret, SCV x3  
  44  4:59  Marine  
  47  5:00  Marine x3  
  51  5:08  Supply Depot  
  51  5:09  SCV, Supply Depot  
  51  5:10  SCV x2  
  54  5:15  Medivac  
  54  5:16  Medivac  
  58  5:23  Marine x3  
  61  5:30  Supply Depot x2, Marine  
  61  5:34  Armory  
  62  5:38  Refinery x2  
  62  5:43  SCV x3  
  65  5:52  Supply Depot x2  
  65  5:53  Supply Depot  
  65  5:54  Starport Tech Lab, Starport Reactor  
  65  5:57  Marine x3  
  65  5:58  Marine  
  69  6:15  Marine  
  69  6:16  Barracks x2  
  69  6:17  SCV  
  69  6:18  SCV x2  
  73  6:31  Supply Depot  
  73  6:32  Supply Depot x2  
  73  6:33  Supply Depot  
  73  6:34  Marauder, Marine, Concussive Shells  
  73  6:35  Marauder, Marine  
  61  6:54  Medivac x3  
  61  6:55  Barracks  
  61  6:56  Barracks  
  61  6:57  Barracks, Marauder  
  61  6:58  Marauder  
  71  7:02  SCV x3  
  71  7:07  Barracks Reactor  
  74  7:09  Barracks Reactor  
  74  7:10  Factory Tech Lab  
  74  7:17  Marine x2  
  74  7:19  Marauder x2  
  80  7:24  Terran Infantry Weapons Level 2  
  80  7:25  Terran Infantry Armor Level 2  
  80  7:35  Marine x2  
  82  7:42  Marauder x2  
  82  7:43  Marine x2  
  90  7:45  Medivac  
  90  7:46  Medivac  
  90  7:49  Barracks Tech Lab  
  90  7:50  Barracks Tech Lab  
  93  7:52  Marine  
  93  7:53  Barracks Reactor  
  93  7:58  Orbital Command  
  93  8:02  Marine x5  
  93  8:03  Marauder x2  
  102  8:10  Marine  
  97  8:18  Marauder x2  
  94  8:20  Marine x5  
  94  8:24  Marine  
  94  8:25  Marauder  
  102  8:28  Marine  
  103  8:37  Marine  
  103  8:39  Marauder x2  
  108  8:42  Marauder  
  108  8:44  SCV  
  108  8:45  SCV x2  
  108  8:46  Refinery  
  113  8:49  Refinery  
  113  8:51  Marauder  
  113  8:53  Medivac x3  
  121  8:56  SCV  
  121  8:57  SCV x2  
  121  9:00  Marauder  
  126  9:09  Command Center, SCV x3  
  129  9:18  Supply Depot  
  129  9:19  Supply Depot  
  129  9:21  SCV  
  110  9:57  Terran Infantry Armor Level 3, Terran Infantry Weapons Level 3  
  93  10:23  Orbital Command  
  91  10:34  Marine, Marauder x4  
  91  10:35  Marine x7  
  99  10:38  Command Center  
  99  10:39  Command Center  
  99  10:40  Viking x3  
  99  10:41  Command Center  
  105  10:52  Marine x4  
  105  10:53  Marine x4  
  105  10:55  Marine x3  
  116  11:13  Marine, Marauder x4  
  116  11:14  Marine x7  
  132  11:23  Viking x3  
  138  11:26  Armory  
  138  11:31  Marine  
  138  11:32  Factory, Marine x7  
  146  11:34  Marauder, Marine x3  
  151  11:49  Marine x3  
  151  11:50  Marine  
  151  11:52  Orbital Command, Marauder  
  151  11:53  Marauder x2  
  151  11:54  Orbital Command  
  161  11:55  Orbital Command, Marauder  
  163  12:04  Starport  
  163  12:14  Marauder x3  
  169  12:17  Factory Tech Lab, Marauder  
  169  12:18  Siege Tank  
Tags
 
Add a new tag
Caveats
  • Supply blocks, unpowered buildings, or Contaminate may cause inaccurate times.
  • Supply counts are checked every 10 seconds.